 Dungeon Crawl Stone Soup version 0.29-a0-321-gf1c400731a (webtiles) character file.

Game seed: 2122526445989766251

67 gimp the Skirmisher (level 4, -1/35 (37) HPs)
             Began as a Formicid Wanderer on Apr 3, 2022.
             Slain by an orc
             ... wielding a +0 whip
              (3 damage)
             ... on level 2 of the Dungeon.
             The game lasted 00:03:02 (1159 turns).

gimp the Skirmisher (Formicid Wanderer)             Turns: 1159, Time: 00:03:02

HP:   -1/35 (37)    AC:  6    Str: 17    XL:     4   Next: 38%
MP:   5/5           EV: 10    Int: 13    God:
Gold: 75            SH:  0    Dex: 10    Spells: 4/5 levels left

rFire   . . .      SeeInvis +   a - +0 hand axe
rCold   . . .      Faith    .   (no shield)
rNeg    . . .      Spirit   .   c - +0 ring mail
rPois   .          Reflect  .   (helmet unavailable)
rElec   .          Harm     .   (no cloak)
rCorr   .          Rampage  .   i - +0 pair of gloves
Will    .....                   (no boots)
Stlth   ..........              (no amulet)
HPRegen 0.11/turn               (no ring)
MPRegen 0.09/turn               (no ring)

@: drained, invisible
A: permanent stasis, dig shafts and tunnels, antennae 3, four strong arms
a: Dig, Shaft Self


You were on level 2 of the Dungeon.
You visited 1 branch of the dungeon, and saw 2 of its levels.

You collected 75 gold pieces.

Inventory:

Hand Weapons
 a - a +0 hand axe (weapon)
 f - a +0 club
Missiles
 h - a poisoned dart (quivered)
Armour
 c - a +0 ring mail (worn)
 i - a +0 pair of gloves (worn)
Scrolls
 b - a scroll of summoning
 e - 2 scrolls of fear
 g - a scroll of immolation {unknown}
 k - a scroll of magic mapping {unknown}
 l - a scroll of acquirement {unknown}
 m - a scroll of amnesia {unknown}
Potions
 d - a potion of lignification


   Skills:
 + Level 4.0 Fighting
 * Level 2.9 Axes
 - Level 1.1 Armour
 - Level 3.0 Unarmed Combat
 - Level 1.1 Spellcasting
 - Level 1.0 Fire Magic
 - Level 1.1 Evocations


You had 4 spell levels left.
You knew the following spells:

 Your Spells              Type           Power      Damage    Failure   Level
a - Foxfire               Conj/Fire      8%         2x1d4     38%         1

Your spell library contained the following spells:

 Spells                   Type           Power      Damage    Failure   Level
 Conjure Flame            Conj/Fire      2%         6-21      77%         3


Dungeon Overview and Level Annotations

Branches:
Dungeon (2/15)

Altars:


Innate Abilities, Weirdness & Mutations

You cannot be hasted, slowed, berserked, paralysed or teleported.
You can dig through walls and to a lower floor.
You have a pair of large antennae on your head. (SInv)
Your four strong arms can wield two-handed weapons with a shield.


Message History

Aim: an orc, wielding a +0 club and wearing a +0 chain mail (heavily wounded, 65% to hit)
You throw a poisoned dart. The poisoned dart hits the orc.
The orc is poisoned.
The orc is heavily wounded.
The orc hits you but does no damage.
Throw: 4 darts (poison)
Press: ? - help, Q - select action, (/) - cycle Shift-Dir - straight line, f/p - orc
Aim: an orc, wielding a +0 club and wearing a +0 chain mail (heavily wounded, poisoned, 65% to hit)
You throw a poisoned dart.
The poisoned dart closely misses the orc.
The orc closely misses you.
Throw: 3 darts (poison)
Press: ? - help, Q - select action, (/) - cycle Shift-Dir - straight line, f/p - orc
Aim: an orc, wielding a +0 club and wearing a +0 chain mail (heavily wounded, poisoned, 65% to hit)
You throw a poisoned dart. The poisoned dart hits the orc.
The orc looks even sicker.
The orc is heavily wounded.
The orc misses you.
Throw: 2 darts (poison)
Press: ? - help, Q - select action, (/) - cycle Shift-Dir - straight line, f/p - orc
Aim: an orc, wielding a +0 club and wearing a +0 chain mail (almost dead, very poisoned, 65% to hit)
You throw a poisoned dart. The poisoned dart hits the orc.
The orc looks even sicker.
The orc is almost dead.
The orc hits you with a +0 club.
* * * LOW HITPOINT WARNING * * *
You take 5 damage, and have 1/35 hp.
You barely miss the orc.
The orc is almost dead.
You kill the orc!
It was a potion of invisibility.
You fade into invisibility!
The orc barely misses you.
Throw: dart (poison)
Press: ? - help, Q - select action, (/) - cycle Shift-Dir - straight line, f - orc
Aim: an orc, wielding a +0 whip (can't see you, 57% to hit)
Okay, then.
You hit the orc.
The orc is almost dead.
The orc hits you with a +0 whip.
You die...

#.###
#.# #.
#...#
#.# .
###.#
#.#
#.#
...
#.#
#.#
###.#
##o#.#
#@#..#
####.#
#.#
#.#
.o#
..#
...#
#.##
#.


You could see an orc (can't see you).

Vanquished Creatures
  An orc wizard (D:2)
  A dart slug (D:1)
  3 orcs (D:2)
  2 ball pythons (D:1)
  4 endoplasms
  2 giant cockroaches (D:1)
  4 hobgoblins (D:1)
  2 jackals (D:1)
  2 quokkas (D:1)
  2 bats (D:1)
  6 frilled lizards (D:1)
  3 kobolds (D:1)
  3 rats (D:1)
35 creatures vanquished.

Notes
Turn   | Place    | Note
-------+----------+-------------------------------------------
     0 | D:1      | gimp the Formicid Wanderer began the quest for the Orb.
     0 | D:1      | gimp set off with the following items: a +0 club, a scroll
                  | of summoning, a +0 ring mail, a potion of lignification, a
                  | scroll of fear; and the following spell memorised: Foxfire;
                  | and the following spells available to memorise: Conjure
                  | Flame
     0 | D:1      | Reached XP level 1. HP: 18/18 MP: 2/2
    81 | D:1      | Reached skill level 1 in Axes
   210 | D:1      | Reached XP level 2. HP: 23/24 MP: 3/3
   508 | D:1      | Noticed an eye of devastation
   512 | D:1      | Found a faded altar of an unknown god.
   516 | D:1      | Noticed a floating eye
   516 | D:1      | Noticed a golden eye
   516 | D:1      | Noticed a great orb of eyes
   619 | D:1      | Reached XP level 3. HP: 30/30 MP: 4/4
  1137 | D:2      | Reached skill level 4 in Fighting
  1137 | D:2      | Reached XP level 4. HP: 22/35 MP: 5/5
  1156 | D:2      | HP: 1/35 [orc/+0 club (5)]
  1159 | D:2      | Slain by an orc

Illustrated notes

Levels and vault maps discovered:
D:1:      lemuel_arrival_funnel, layout_basic,
          hellmonk_ecumenical_altar_watching_god, hangedman_feature_mirror
D:2:      layout_loops_ring

Skill      XL: |  1  2  3 |
---------------+----------+-----
Axes           | 1 2 |  2.9
Fighting       | 4 |  4.0
Armour         | |  1.1
Unarmed Combat | |  3.0
Spellcasting   | |  1.1
Fire Magic     | |  1.0
Evocations     | |  1.1

Action                   |  1- 3 |  4- 6 || total
-------------------------+-------+-------++-------
Melee: Hand axe          |   123 |    17 ||   140
Throw: Dart              |       |     5 ||     5
 Abil: Dig               |     1 |       ||     1
  Use: Potion            |       |     1 ||     1
Armor: Ring mail         |    46 |     7 ||    53
Dodge: Dodged            |    88 |     9 ||    97

Table legend: (Time is in decaauts)
 A = Elapsed time spent in this place.
 B = Non-inter-level travel time spent in this place.
 C = Inter-level travel time spent in this place.
 D = Time resting spent in this place.
 E = Time spent auto-exploring this place.
 F = Levels seen in this place.
 G = Mean time per level.
                   A        B        C        D        E       F      G
               +--------+--------+--------+--------+--------+-----+--------+
         Total |   1186 |   1132 |     54 |      0 |    814 |   2 |  593.0 |
       Dungeon |   1186 |   1132 |     54 |      0 |    814 |   2 |  593.0 |
               +--------+--------+--------+--------+--------+-----+--------+

Top non-repeatable levels by time:
     D:1: 1097 daAuts
     D:2: 89 daAuts
